 Dungeon Crawl Stone Soup version 0.31.0-9-g3a7656b989 (webtiles) character file.

Game seed: 12328912396856975072

82 Bnni the Shield-Bearer (level 4, -1/24 HPs)
             Began as a Vine Stalker Fighter on Feb 2, 2024.
             Slain by a gnoll
             ... wielding a +0 club
             ... led by a gnoll bouda
              (4 damage)
             ... on level 3 of the Dungeon.
             The game lasted 00:01:24 (1812 turns).

Bnni the Shield-Bearer (Vine Stalker Fighter)       Turns: 1812, Time: 00:01:25

Health: -1/24      AC:  6    Str: 18    XL:     4   Next: 43%
Magic:  0/5        EV:  5    Int:  8    God:
Gold:   92         SH:  0    Dex: 16    Spells: 3/3 levels left

rFire   . . .        a - +0 rapier
rCold   . . .        c - +0 buckler
rNeg    . . .        b - +0 scale mail
rPois   .            (no helmet)
rElec   .            (no cloak)
rCorr   .            (no gloves)
SInv    .            (no boots)
Will    .....        (no amulet) Stlth
                     (no ring)
HPRegen 1.04/turn    (no ring)
MPRegen 0.09/turn

%: guardian spirit
@: brilliant, held
A: fangs 2, regeneration 1, magic shield, antimagic bite, no potion heal 2
a: no special abilities


You were on level 3 of the Dungeon.
You visited 1 branch of the dungeon, and saw 3 of its levels.

You collected 92 gold pieces.

Inventory:

Hand Weapons
 a - a +0 rapier (weapon)
Missiles
 e - 14 poisoned darts (quivered)
Armour
 b - a +0 scale mail (worn)
 c - a +0 buckler (worn)
Scrolls
 h - 2 scrolls of teleportation {unknown}
 k - a scroll of torment {unknown}
 l - 5 scrolls of identify {unknown}
 o - 2 scrolls of fog {unknown}
 p - 2 scrolls of noise {unknown}
 r - a scroll of fear {unknown}
Potions
 d - a potion of might
 f - 4 potions of brilliance
 g - 2 potions of mutation {unknown}
 i - a potion of degeneration {unknown}
 j - 3 potions of lignification {unknown}
 m - 2 potions of enlightenment {unknown}
 n - a potion of curing {unknown}
 q - 2 potions of magic {unknown}


   Skills:
 + Level 3.2 Fighting
 * Level 2.9 Short Blades
 - Level 2.4 Armour
 * Level 3.5 Shields


You had 3 spell levels left.
You didn't know any spells.
Your spell library contained the following spells:

 Spells                   Type           Power      Damage    Failure   Level
 Apportation              Tloc           0%         N/A       87%         1
 Jinxbite                 Hex            0%         N/A       95%         2
 Call Canine Familiar     Summ           0%         N/A       99%         3
 Ozocubu's Armour         Ice            0%         N/A       99%         3
 Sigil of Binding         Hex            0%         N/A       99%         3
 Dimensional Bullseye     Hex/Tloc       0%         N/A       100%        4
 Alistair's Intoxication  Alch           0%         N/A       100%        5
 Metabolic Englaciation   Hex/Ice        0%         N/A       100%        5
 Sculpt Simulacrum        Ice/Alch       0%         N/A       100%        6


Dungeon Overview and Level Annotations

Branches:
Dungeon (3/15)

Altars:
Fedhas


Innate Abilities, Weirdness & Mutations

You have extremely sharp teeth.
Your natural rate of healing is unusually fast.
When hurt, damage is shared between your health and your magic reserves.
Your bite disrupts and absorbs the magic of your enemies.
Potions cannot restore your health.


Message History

You feel sick. The gnoll attacks as it pursues you!
You block the gnoll's attack.
You feel sick. The adder attacks as it pursues you! The adder bites you.
You feel sick.
A gnoll comes into view. It is wielding a +0 club.
The gnoll bouda gazes fiercely through you!
You feel your attacks grow feeble. The adder barely misses you.
The gnoll misses you.
You feel sick. The adder attacks as it pursues you! The adder bites you.
You are more poisoned.
The adder poisons you!
Found 9 gold pieces.
You feel sick.
The gnoll is no longer moving quickly.
The gnoll attacks as it pursues you! You block the gnoll's attack.
The gnoll bouda barks out a call to the hunt!
The gnoll picks up the pace!
You feel sick. The adder attacks as it pursues you!
The adder barely misses you.
There is a stone staircase leading down here.
Your attacks no longer feel as feeble.
You feel sick.
The gnoll is no longer moving quickly.
The gnoll attacks as it pursues you! The gnoll hits you with a +0 club.
* * * LOW HITPOINT WARNING * * *
You block the adder's attack.
Found a robe.
You feel sick. The gnoll attacks as it pursues you!
The gnoll hits you with a +0 club.
* * * LOW HITPOINT WARNING * * *
The gnoll attacks as it pursues you! The gnoll barely misses you.
It was a potion of brilliance.
You feel clever all of a sudden.
You feel sick.
The gnoll throws a throwing net.
The throwing net hits you.
You become entangled in the net!
The gnoll bouda barks out a call to the hunt!
The gnoll picks up the pace!
You tear a large gash into the net.
You feel sick. The gnoll hits you but does no damage.
The gnoll barely misses you. The adder barely misses you.
You struggle against the net.
You feel sick.
You are no longer poisoned.
The adder completely misses you. The gnoll hits you with a +0 club.
You die...

............................
......................$.....
..................g.........
..........................
..............r.g........
...............g........
#....########.gg########
.... ......#S### ..
.$.....g@.# ...........#
............. ...........###
...........# ..........#
..........# ....[....#


You could see 3 gnolls, an adder, a hobgoblin and a rat.

Vanquished Creatures
  2 adders (D:3)
  3 dart slugs
  A ribbon worm (D:3)
  An orc (D:3)
  3 endoplasms
  A giant cockroach (D:3)
  6 goblins
  4 hobgoblins
  7 jackals
  2 quokkas
  3 ball pythons
  5 bats
  9 kobolds
  6 rats
53 creatures vanquished.

Notes
Turn   | Place    | Note
-------+----------+-------------------------------------------
     0 | D:1      | Bnni the Vine Stalker Fighter began the quest for the Orb.
     0 | D:1      | Reached XP level 1. HP: 11/11 MP: 2/2
   114 | D:1      | Reached XP level 2. HP: 16/16 MP: 3/3
   805 | D:1      | Reached XP level 3. HP: 19/19 MP: 4/4
   952 | D:2      | Found a blossoming altar of Fedhas.
  1292 | D:2      | Noticed a golden eye
  1302 | D:2      | Noticed a great orb of eyes
  1405 | D:2      | Found a faded altar of an unknown god.
  1407 | D:2      | Noticed a glass eye
  1413 | D:2      | Noticed an eye of devastation
  1624 | D:3      | Reached XP level 4. HP: 24/24 MP: 5/5
  1812 | D:3      | Slain by a gnoll

Illustrated notes

Levels and vault maps discovered:
D:1:      dpeg_arrival_round_c, layout_loops_corners
D:2:      layout_loops_cross, hellmonk_ecumenical_altar_watching_god,
          basic_altar, minivault_25
D:3:      layout_basic

Skill      XL: |  1  2  3 |
---------------+----------+-----
Short Blades   | 2 |  2.9
Shields        | 3 |  3.5
Fighting       | 3 |  3.2
Armour         | |  2.4

Action                     |  1- 3 |  4- 6 || total
---------------------------+-------+-------++-------
  Melee: Rapier            |   108 |    36 ||   144
         Bite              |    27 |     7 ||    34
    Use: Potion            |       |     1 ||     1
 Armour: Scale mail        |    61 |    36 ||    97
  Dodge: Dodged            |    30 |    25 ||    55
  Block: Buckler           |    24 |    12 ||    36
